 Dungeon Crawl Stone Soup version 0.31.0-12-g77e489cdc1 (webtiles) character file.

Game seed: 16612454257575778871

161879 Haldmier the Frost Mage (level 16, -3/141 HPs)
             Began as a Demigod Ice Elementalist on Mar 3, 2024.
             Shot with an arrow by a naga sharpshooter (14 damage)
             ... on level 4 of the Snake Pit on Mar 4, 2024.
             The game lasted 04:25:59 (36234 turns).

Haldmier the Frost Mage (Demigod Ice Elementalist) Turns: 36234, Time: 04:26:01

Health: -3/141     AC: 14    Str: 17    XL:     16   Next: 66%
Magic:  25/27      EV: 21    Int: 29    God:
Gold:   836        SH: 11    Dex: 16    Spells: 3/25 levels left

rFire   . . .        b - +9 morningstar "Huygue" {flame, rC+ Stlth+}
rCold   + . .        E - +1 kite shield {reflect}
rNeg    . . .        e - +2 ring mail {rPois}
rPois   +            Q - +0 helmet
rElec   .            B - +2 cloak {Will+}
rCorr   .            k - +0 pair of gloves
SInv    .            i - +0 pair of boots
Will    +++..        R - amulet of the Solstice {Rampage Regen+ Dex+2}
Stlth   +++          X - +5 ring of evasion
HPRegen 1.23/turn    U - ring of willpower
MPRegen 0.20/turn

%: reflection, rampage
@: lethally poisoned (-3 -> -3)
A: high MP 1, forlorn, divine attributes
a: no special abilities


You were on level 4 of the Snake Pit.
You visited 5 branches of the dungeon, and saw 27 of its levels.
You visited 1 bazaar.
You also visited: Bailey.

You collected 2897 gold pieces.
You spent 2061 gold pieces at shops.

Inventory:

Hand Weapons
 b - the +9 morningstar "Huygue" (weapon) {flame, rC+ Stlth+}
   (You took it off a kobold in a bailey)

   rC+:       It protects you from cold.
   Stlth+:    It makes you more stealthy.
 P - a +0 falchion of electrocution
Missiles
 n - 21 poisoned darts (quivered)
Armour
 a - the +5 scale mail of the Barber Surgeon {rN+}
   (You found it on level 14 of the Dungeon)

   rN+:       It protects you from negative energy.
 e - a +2 ring mail of poison resistance (worn)
 i - a +0 pair of boots (worn)
 k - a +0 pair of gloves (worn)
 z - the +3 leather armour of Paotitay {rElec MP+9 Dex-5 Stlth+}
   (You found it on level 11 of the Dungeon)

   Dex-5:     It affects your dexterity (-5).
   rElec:     It insulates you from electricity.
   MP+9:      It affects your magic capacity (+9).
   Stlth+:    It makes you more stealthy.
 B - a +2 cloak of willpower (worn)
 E - a +1 kite shield of reflection (worn)
 K - a +2 robe of resistance
 L - a +3 buckler of protection
 Q - a +0 helmet (worn)
 T - a +4 plate armour of poison resistance
Magical Staves
 S - a staff of air
Jewellery
 h - a ring of wizardry
 R - the amulet of the Solstice (around neck) {Rampage Regen+ Dex+2}
   (You took it off a kobold brigand in a bailey)

   [amulet of regeneration]

   Dex+2:     It affects your dexterity (+2).
   Regen+:    It increases your rate of health regeneration.
   Rampage:   It bestows one free step when moving towards enemies.
 U - a ring of willpower (right hand)
 X - a +5 ring of evasion (left hand)
Wands
 v - a wand of digging (12)
 N - a wand of roots (12)
 O - a wand of flame (20)
 Z - a wand of acid (13)
Scrolls
 g - 3 scrolls of fear
 j - a scroll of fog
 o - a scroll of silence {unknown}
 s - 4 scrolls of immolation
 w - 3 scrolls of blinking
 y - 14 scrolls of teleportation
 D - 2 scrolls of amnesia
 G - 2 scrolls of butterflies
 H - 5 scrolls of enchant weapon
 I - 2 scrolls of brand weapon {unknown}
 J - 9 scrolls of enchant armour
 M - 2 scrolls of poison
 V - 3 scrolls of noise
 W - a scroll of revelation
Potions
 c - 2 potions of invisibility
 d - 4 potions of ambrosia
 f - 7 potions of mutation
 l - 2 potions of enlightenment
 m - 6 potions of lignification
 p - 3 potions of might
 q - 5 potions of heal wounds
 r - 2 potions of brilliance
 t - 6 potions of curing
 u - 2 potions of cancellation
 x - 5 potions of berserk rage
 A - 4 potions of attraction
 C - a potion of magic
 F - a potion of resistance
 Y - a potion of haste


   Skills:
 - Level 12.7 Fighting
 - Level 11.5 Maces & Flails
 + Level 4.4 Armour
 - Level 12.8 Dodging
 - Level 5.0 Stealth
 + Level 5.4 Shields
 - Level 5.0 Spellcasting
 - Level 8.0 Conjurations
 - Level 7.5 Summonings
 - Level 14.0 Ice Magic
 + Level 6.0 Air Magic


You had 3 spell levels left.
You knew the following spells:

 Your Spells              Type           Power      Damage    Failure   Level
a - Freeze                Ice            100%       1d10      1%          1
b - Frozen Ramparts       Ice            100%       1d16      1%          3
c - Ozocubu's Armour      Ice            73%        N/A       1%          3
d - Summon Ice Beast      Ice/Summ       63%        N/A       1%          3
e - Hailstorm             Conj/Ice       63%        3d12      1%          3
f - Freezing Cloud        Conj/Ice/Air   28%        6-21      17%         5
g - Summon Lightning Spi  Summ/Air       46%        N/A       17%         4

Your spell library contained the following spells:

 Spells                   Type           Power      Damage    Failure   Level
 Summon Small Mammal      Summ           100%       N/A       1%          1
 Call Imp                 Summ           100%       N/A       1%          2
 Call Canine Familiar     Summ           50%        N/A       3%          3
 Foxfire                  Conj/Fire      100%       2x1d9     5%          1
 Kiss of Death            Conj/Necr      100%       2d13      5%          1
 Mephitic Cloud           Conj/Alch/Air  34%        N/A       12%         3
 Dazzling Flash           Conj/Hex       60%        N/A       16%         3
 Stone Arrow              Conj/Erth      60%        3d10      16%         3
 Cigotuvi's Dreadful Rot  Necr/Alch/Air  36%        N/A       19%         2
 Slow                     Hex            28%        N/A       28%         1
 Scorch                   Fire           14%        2d5       38%         2
 Sublimation of Blood     Necr           7%         N/A       38%         2
 Confusing Touch          Hex            7%         N/A       63%         3
 Fugue of the Fallen      Necr           7%         N/A       63%         3
 Sigil of Binding         Hex            7%         N/A       63%         3
 Vampiric Draining        Necr           7%         2d6       63%         3
 Volatile Blastmotes      Fire/Tloc      14%        2d11      63%         3
 Flame Wave               Conj/Fire      30%        2d9       47%         4
 Fulminant Prism          Conj/Alch      15%        3d10      47%         4
 Iskenderun's Mystic Bla  Conj/Tloc      30%        2d8       47%         4
 Animate Armour           Summ/Erth      58%        N/A       52%         4
 Summon Blazeheart Golem  Fire/Summ      29%        N/A       52%         4
 Summon Cactus Giant      Summ           25%        N/A       89%         6
 Silence                  Hex/Air        12%        N/A       92%         5
 Sculpt Simulacrum        Ice/Alch       23%        N/A       94%         6
 Dispel Undead            Necr           7%         3d8       95%         4
 Manifold Assault         Tloc           7%         N/A       95%         4
 Curse of Agony           Necr           7%         N/A       100%        5
 Plasma Beam              Fire/Air       12%        2x1d23    100%        6
 Starburst                Conj/Fire      15%        6d6       100%        6
 Summon Hydra             Summ           25%        N/A       100%        7
 Lehudib's Crystal Spear  Conj/Erth      15%        10d5      100%        8


Dungeon Overview and Level Annotations

Branches:
Dungeon (15/15)            Temple (1/1) D:6            Lair (5/5) D:10
 Shoals (0/4) Lair:3        Snake (4/4) Lair:3        Slime (0/5) Lair:4
    Orc (2/2) D:11            Elf (0/3) Orc:2        Vaults (0/5) D:14
 Depths (0/4) D:15         Bailey (visited)

Shops:
D:5 ?[=   D:11 *   D:12 !   D:14 *   Orc:1 [   Orc:2 (=*!!

Portals:
Pandemonium: Orc:2
Trove: D:11 (give 2 scrolls of acquirement)

Annotations:
D:12 Psyche; Sonja
D:14 2 transporters, Xuepse's ghost, journeyman MiBe
Lair:4 Nessos


Innate Abilities, Weirdness & Mutations

You have an increased reservoir of magic. (+10% MP)
You shall have no god before yourself.
Your divine heritage dramatically boosts your attributes as you level up.


Message History

The arrow hits you!
* * * LOW HITPOINT WARNING * * *
The naga sharpshooter unwields a +0 trident.
The naga sharpshooter wields a +0 shortbow.
The naga sharpshooter casts a spell.
The naga sharpshooter magically shoots an arrow.
The arrow completely misses you.
The naga sharpshooter is engulfed in freezing vapours.
You feel much better.
You feel very sick.
The naga sharpshooter shoots an arrow.
The arrow completely misses you.
As you read the scroll of fear, it crumbles to dust.
You assume a fearsome visage.
The naga mage looks frightened!
The naga sharpshooter resists with almost no effort.
The naga sharpshooter looks frightened! x3
You feel yourself speed up.
You feel very sick.
The naga sharpshooter shoots an arrow.
The arrow barely misses you.
You feel sick.
The naga sharpshooter casts a spell.
The naga sharpshooter magically shoots an arrow.
You block the arrow with your +1 kite shield of reflection... and reflect it back!
You feel sick.
The naga sharpshooter spits poison at you.
The splash of poison misses you.
You feel sick.
The naga sharpshooter gestures wildly while chanting.
The naga sharpshooter magically shoots an arrow.
The arrow hits you!!
* * * LOW HITPOINT WARNING * * *
You feel sick.
The naga sharpshooter gestures wildly while chanting.
The naga sharpshooter magically shoots an arrow.
You block the arrow with your +1 kite shield of reflection... and reflect it back!
There is a stone staircase leading up here.
You feel sick.
The naga sharpshooter gestures wildly while chanting.
The naga sharpshooter magically shoots an arrow.
The arrow hits you!
You die...

.# #...#...#,,,,, .##
#...#...#,,,,, ..# #...'...#,,,**
..# #...#..##,*** ..# #######*
#...####.,** * ..#####......###
#.........,***
...............#####.........,,,,
.........(...[...............,,,,
................@............,,,,
.............................,,,,
..######......######..######+**,,
..# ######## #.))N.#,,,,*,, ..#
#.)#N...PP.~,, ..# #..#..#N.PP,,,
..# #..#S.~...N,,, ..#*****
#..#...~P,P~,, ...,,,,*****
#..#.P.P.N.,,~


You could see 2 naga sharpshooters.

Vanquished Creatures
  Vashnia (Snake:4)
  The ghost of Nilihum the Tortoise, an adept AtFi of Wu Jian (Snake:3)
  4 nagarajas
  Azrael (D:12)
  Josephine (Orc:2)
  3 fire dragons (D:15)
  3 vault guards (D:14)
  2 catoblepae
  3 hydras
  2 salamander tyrants
  2 demonspawn (Orc:2)
  An ice dragon (D:15)
  7 anacondas
  4 boulder beetles
  An ogre mage (D:14)
  3 centaur warriors
  5 two-headed ogres
  7 orc high priests
  20 death yaks
  8 naga warriors
  A shock serpent (Snake:2)
  The ghost of aimeelou the Grappler, a novice TrSh of Makhleb (D:8)
  A deep elf knight (D:14)
  8 naga sharpshooters
  2 soul eaters (Orc:2)
  3 salamander mystics
  4 skeletal warriors (D:14)
  An arcanist (D:14)
  9 mana vipers
  A sea snake (Snake:4)
  5 naga ritualists
  A lindwurm (Lair:5)
  Pikel (D:5)
  A deep elf pyromancer (D:12)
  9 orc knights
  17 ugly things
  12 salamanders
  6 cyclopes
  7 orc sorcerers
  A moth of wrath (D:8)
  3 manticores
  The ghost of Longtemps the Firebug, a novice OpFE of Vehumet (D:7)
  3 kobold blastminers
  A torpor snail (Lair:5)
  4 elephants
  38 black mambas
  A black mamba (shapeshifter) (D:14)
  2 guardian serpents
  7 naga magi
  Maggie (D:9)
  7 rime drakes
  4 gargoyles
  An unseen horror (D:11)
  A yaktaur (D:14)
  2 kobold demonologists
  2 ice devils (Orc:2)
  10 cane toads
  17 komodo dragons
  5 trolls
  A wind drake (Lair:3)
  8 hornets
  8 polar bears
  Grinder (D:6)
  22 blink frogs
  A raiju (shapeshifter) (D:15)
  6 dream sheep
  Sigmund (D:2)
  10 spriggans (Lair:5)
  A water elemental (D:11)
  6 wraiths
  3 wyverns
  21 yaks
  A vampire (D:11)
  2 shadows
  6 fire elementals (D:12)
  A human (D:14)
  Grum (D:8)
  A basilisk (Lair:2)
  2 steam dragons
  31 nagas
  15 water moccasins
  6 black bears
  2 ice beasts (D:8)
  41 orc warriors
  7 ogres
  5 boggarts (Lair:5)
  9 centaurs
  43 wolves
  2 lemures
  10 bullfrogs
  5 kobold brigands
  2 gnoll sergeants
  A brain worm (shapeshifter) (D:14)
  4 scorpions
  6 killer bees
  A bombardier beetle (D:4)
  6 electric eels (D:11)
  8 howler monkeys
  2 hounds (D:4)
  3 jellies
  28 orc priests
  3 gnoll boudas
  2 sleepcaps
  3 iguanas
  31 orc wizards
  A mummy (D:5)
  24 gnolls
  11 adders
  2 ufetubi (D:4)
  3 dart slugs (D:4)
  A ribbon worm (D:2)
  97 orcs
  11 ball pythons
  3 bats
  8 endoplasms
  4 giant cockroaches
  8 hobgoblins
  3 jackals (D:1)
  3 quokkas
  11 goblins
  21 kobolds
  2 kobold zombies (D:5)
  An orc zombie (D:5)
  6 rats
879 creatures vanquished.

Vanquished Creatures (collateral kills)
  2 death yaks (Lair:5)
  A cane toad (Lair:1)
  2 kobold demonologists (D:10)
  A blink frog (Lair:3)
  4 dream sheep
  A yak (Lair:1)
  Menkaure (D:6)
  An orc warrior (D:11)
  A wolf (Lair:5)
  2 phantoms (D:5)
  2 bullfrogs
  A kobold brigand (Bailey)
  2 killer bees (D:7)
  A jelly (D:6)
  An orc priest (D:11)
  An orc wizard (D:9)
  A kobold (Bailey)
  An orc zombie (D:5)
26 creatures vanquished.

Vanquished Creatures (others)
  2 orcs
2 creatures vanquished.

Grand Total: 907 creatures vanquished

Notes
Turn   | Place    | Note
-------+----------+-------------------------------------------
     0 | D:1      | Haldmier the Demigod Ice Elementalist began the quest for
                  | the Orb.
     0 | D:1      | Reached XP level 1. HP: 14/14 MP: 5/5
   141 | D:1      | Reached XP level 2. HP: 19/20 MP: 1/7
  1196 | D:2      | You fall into a shaft and drop 1 floor!
  1231 | D:2      | Reached skill level 4 in Ice Magic
  1414 | D:2      | Reached XP level 3. HP: 26/26 MP: 6/8
  2044 | D:2      | Noticed Sigmund
  2394 | D:2      | Learned a level 3 spell: Frozen Ramparts
  2466 | D:3      | Reached XP level 4. HP: 30/33 MP: 5/9
  2487 | D:3      | Identified the +4 chain mail of Ignis's Grace {-Cast Fly
                  | rN+ Stlth+}
  2501 | D:2      | Learned a level 3 spell: Ozocubu's Armour
  3202 | D:4      | Reached XP level 5. HP: 39/39 MP: 6/11
  3289 | D:4      | Reached skill level 1 in Fighting
  3563 | D:4      | Reached skill level 5 in Ice Magic
  4149 | D:4      | Reached XP level 6. HP: 47/47 MP: 7/12
  4543 | D:5      | Entered Level 5 of the Dungeon
  4553 | D:5      | Noticed Pikel
  4675 | D:5      | Learned a level 3 spell: Summon Ice Beast
  4775 | D:5      | Killed Pikel
  4776 | D:5      | Reached skill level 6 in Ice Magic
  4776 | D:5      | Reached XP level 7. HP: 48/56 MP: 1/14
  4960 | D:5      | Found Giffong's Antique Armour Shoppe.
  5023 | D:5      | Bought a glowing robe for 103 gold pieces
  5301 | D:5      | Reached XP level 8. HP: 63/63 MP: 5/15
  5479 | D:5      | Found Putupneiry's Magic Scroll Boutique.
  5483 | D:5      | Bought a scroll of identify for 26 gold pieces
  5490 | D:5      | Bought a scroll of identify for 26 gold pieces
  5490 | D:5      | Bought a scroll of teleportation for 39 gold pieces
  5613 | D:5      | Reached skill level 7 in Ice Magic
  6014 | D:5      | Found Olykk's Jewellery Emporium.
  6205 | D:2      | Killed Sigmund
  6407 | D:6      | Reached skill level 5 in Dodging
  6559 | D:6      | Noticed Menkaure
  6673 | D:6      | Noticed Grinder
  6702 | D:6      | Paralysed by Grinder for 2 turns
  6716 | D:6      | Killed Grinder
  6717 | D:6      | Reached skill level 8 in Ice Magic
  6965 | D:6      | Found a staircase to the Ecumenical Temple.
  7137 | Temple   | Entered the Ecumenical Temple
  7303 | D:6      | Reached XP level 9. HP: 72/72 MP: 12/16
  7549 | D:6      | Killed Menkaure
  7629 | D:7      | Found a flagged portal.
  7679 | Bailey   | Entered a bailey
  7812 | Bailey   | Identified the +9 morningstar "Huygue" {flame, rC+ Stlth+}
  7870 | Bailey   | Reached skill level 5 in Fighting
  7892 | Bailey   | Identified the amulet of the Solstice {Rampage Regen+
                  | Dex+2}
  7898 | Bailey   | Reached skill level 1 in Maces & Flails
  8258 | D:7      | Identified the +0 robe of Polish {rF+ Str-4 Int+4 Dex+4}
  8315 | D:7      | Noticed a gargoyle
  8317 | D:7      | Noticed Longtemps's ghost (novice OpFE)
  8624 | D:7      | Found a transporter.
  8724 | D:7      | Found a transporter.
  9557 | D:8      | Noticed aimeelou's ghost (novice TrSh)
  9557 | D:8      | Noticed a moth of wrath
  9558 | D:8      | Noticed a two-headed ogre
  9996 | D:8      | Reached skill level 9 in Ice Magic
 10092 | D:8      | Found a transporter.
 10096 | D:8      | Found a transporter.
 10194 | D:8      | Reached XP level 10. HP: 75/82 MP: 7/17
 10711 | D:8      | Identified the +1 chain mail of Ponniel {rF- Str+4 Dex+4}
 10716 | D:8      | Noticed Grum
 10736 | D:8      | Killed Grum
 11297 | D:9      | Noticed a cyclops
 11314 | D:9      | Killed a cyclops
 11626 | D:9      | Noticed Maggie
 11642 | D:9      | Killed Maggie
 11643 | D:9      | Reached skill level 5 in Stealth
 11916 | D:10     | Entered Level 10 of the Dungeon
 11922 | D:10     | Found a staircase to the Lair.
 12299 | D:10     | Reached skill level 5 in Summonings
 12578 | D:10     | Noticed a two-headed ogre
 12584 | D:10     | Killed a two-headed ogre
 12585 | D:10     | Reached skill level 5 in Maces & Flails
 12798 | D:10     | Reached XP level 11. HP: 91/91 MP: 11/19
 13634 | Lair:1   | Entered Level 1 of the Lair of Beasts
 13884 | Lair:1   | Reached skill level 10 in Ice Magic
 14991 | Lair:1   | Noticed a boulder beetle
 15010 | Lair:1   | Killed a boulder beetle
 15621 | D:5      | Bought a ring of willpower for 375 gold pieces
 16199 | Lair:2   | Identified the +5 short sword of the Twisting Jester
                  | {flame, ^Contam rF+ rC+ Int+4}
 16760 | Lair:3   | Reached skill level 11 in Ice Magic
 16925 | Lair:3   | Reached XP level 12. HP: 92/103 MP: 14/20
 17167 | Lair:3   | Found a staircase to the Snake Pit.
 17890 | Lair:3   | Found a staircase to the Shoals.
 18650 | Lair:4   | Reached skill level 1 in Conjurations
 18801 | Lair:4   | Noticed Nessos
 18835 | Lair:4   | Reached skill level 10 in Dodging
 19039 | Lair:4   | Reached skill level 1 in Armour
 19046 | Lair:4   | Reached XP level 13. HP: 89/113 MP: 14/21
 19140 | Lair:4   | Found a staircase to the Slime Pits.
 19390 | Lair:5   | Entered Level 5 of the Lair of Beasts
 19520 | Lair:5   | Reached skill level 10 in Fighting
 19606 | Lair:5   | Reached skill level 12 in Ice Magic
 20919 | Lair:5   | Paralysed by a hornet for 1 turns
 21061 | Lair:5   | Reached XP level 14. HP: 106/122 MP: 19/22
 21160 | Lair:5   | Reached skill level 1 in Shields
 21386 | Lair:5   | Identified a scroll of acquirement
 21387 | Lair:5   | Acquired a book of the Tundra
 21395 | Lair:5   | Learned a level 3 spell: Hailstorm
 21705 | D:11     | Found a staircase to the Orcish Mines.
 21751 | D:11     | Found a portal to a secret trove of treasure.
 22251 | D:11     | Identified the +3 leather armour of Paotitay {rElec MP+9
                  | Dex-5 Stlth+}
 22400 | D:11     | Reached skill level 5 in Conjurations
 22863 | D:11     | Found Nashucim's Elemental Accessories.
 22886 | D:11     | Bought Etiupean's Precepts of Weather for 672 gold pieces
 22894 | D:11     | Learned a level 5 spell: Freezing Cloud
 23069 | Orc:1    | Entered Level 1 of the Orcish Mines
 23188 | Orc:1    | Reached skill level 1 in Air Magic
 23452 | Orc:1    | Found Togiakao's Armour Boutique.
 23756 | Orc:2    | Entered Level 2 of the Orcish Mines
 23965 | Orc:2    | Found Casiat's Distillery.
 24203 | Orc:2    | Found a staircase to the Elven Halls.
 24408 | Orc:2    | Found Ebrilol's Distillery.
 24457 | Orc:2    | Found Ahuamen's General Store.
 24667 | Orc:2    | Bought a scroll of identify for 24 gold pieces
 25212 | Orc:2    | Found Saics's Jewellery Emporium.
 25212 | Orc:2    | Found a one-way gate leading to the halls of Pandemonium.
 25212 | Orc:2    | Found Biav Cistra's Antique Weapon Shoppe.
 25278 | Orc:2    | Noticed Josephine
 25289 | Orc:2    | Killed Josephine
 25615 | D:12     | Noticed Sonja
 25646 | D:12     | Found Oprick's Distillery.
 25753 | D:12     | Reached skill level 10 in Maces & Flails
 25803 | D:12     | Reached skill level 5 in Shields
 25985 | D:12     | Noticed Azrael
 25996 | D:12     | Killed Azrael
 26191 | D:12     | Noticed Psyche
 26435 | D:13     | Reached skill level 13 in Ice Magic
 26684 | D:13     | Identified the +2 scale mail of the Pit {rF- rCorr MP+9}
 27408 | D:14     | Reached XP level 15. HP: 130/130 MP: 16/23
 27813 | D:14     | Noticed Xuepse's ghost (journeyman MiBe)
 27814 | D:14     | Found a transporter.
 28162 | D:14     | Found Bowor's Assorted Antiques.
 28266 | D:14     | Bought a scroll of identify for 50 gold pieces
 28266 | D:14     | Bought a scroll of identify for 50 gold pieces
 28282 | D:14     | Found a transporter.
 28344 | D:14     | Identified the +5 scale mail of the Barber Surgeon {rN+}
 28732 | D:14     | Found a gate to the Vaults.
 28739 | D:14     | Paralysed by an ogre mage for 2 turns
 28859 | D:15     | Entered Level 15 of the Dungeon
 29697 | D:15     | Found a staircase to the Depths.
 30133 | D:7      | Killed Longtemps's ghost
 30353 | D:8      | Killed aimeelou's ghost
 30555 | Snake:1  | Entered Level 1 of the Snake Pit
 30921 | Snake:1  | Reached skill level 5 in Air Magic
 31780 | Snake:2  | Noticed a nagaraja
 31792 | Snake:2  | Killed a nagaraja
 33466 | Snake:3  | Reached XP level 16. HP: 128/140 MP: 7/25
 33745 | Snake:3  | Learned a level 4 spell: Summon Lightning Spire
 34205 | Snake:3  | Found a runed translucent door.
 34205 | Snake:3  | Noticed Nilihum's ghost (adept AtFi)
 34453 | Snake:3  | HP: 7/141 [naga sharpshooter/arrow (10)]
 34918 | Snake:3  | Killed Nilihum's ghost
 35005 | Snake:4  | Entered Level 4 of the Snake Pit
 35016 | Snake:4  | Found a flickering gateway to a bazaar.
 35067 | Bazaar   | Entered a bazaar
 35067 | Bazaar   | Found Xobrev's Magic Scroll Boutique.
 35067 | Bazaar   | Found Fefegipe's Assorted Antiques.
 35067 | Bazaar   | Found Beuloc's General Store.
 35078 | Bazaar   | Bought a +2 cloak of willpower for 258 gold pieces
 35091 | Bazaar   | Bought a scroll of fog for 48 gold pieces
 35095 | Bazaar   | Bought a scroll labelled LULYETOANA for 28 gold pieces
 35097 | Bazaar   | Bought a scroll of identify for 26 gold pieces
 35097 | Bazaar   | Bought a scroll of identify for 26 gold pieces
 35099 | Bazaar   | Bought a scroll of identify for 26 gold pieces
 35100 | Bazaar   | Bought a scroll of enchant armour for 97 gold pieces
 35100 | Bazaar   | Bought a scroll of revelation for 97 gold pieces
 35120 | Bazaar   | Bought a scroll of enchant weapon for 90 gold pieces
 35361 | Snake:4  | Reached skill level 14 in Ice Magic
 36185 | Snake:4  | Noticed Vashnia
 36222 | Snake:4  | Killed Vashnia
 36223 | Snake:4  | Reached skill level 5 in Spellcasting
 36234 | Snake:4  | Shot with an arrow by a naga sharpshooter

Illustrated notes

Levels and vault maps discovered:
D:1:      roderic_dead_forest, layout_basic, nicolae_ecumenical_snake_handling,
          feat_on_display
D:2:      layout_basic, kennysheep_generic_room_8, uniq_sigmund
D:3:      layout_basic, mainiacjoe_overflow_divided_tiny
D:4:      minmay_razor_zed, layout_loops_ring, lemuel_round_altar,
          mainiacjoe_overflow_catwalk_spiral, lemuel_round_altar,
          minmay_liquid_box
D:5:      layout_loops_corners, serial_shops, shop, shop,
          nicolae_shop_tiny_statue_garden, minmay_mini_ossuary, uniq_pikel
D:6:      layout_loops_cross, mainiacjoe_overflow_brackets,
          mainiacjoe_overflow_catwalk, evilmike_ruin_ashenzari,
          minmay_temple_entry_statues, small_statue_intersection, uniq_grinder,
          uniq_menkaure
D:7:      layout_basic, nicolae_ru_sacrificial_ziggurat,
          mainiacjoe_overflow_boulevard, nemelex_altar_shiori, enter_bailey_5,
          gammafunk_ghost_arena, minmay_fountain_box
D:8:      layout_basic, gammafunk_ghost_wrathful_warriors, uniq_grum
D:9:      layout_loops_ring, lemuel_crystal_altar, nicolae_wu_jian_wuxing_cycle,
          uniq_maggie
D:10:     minmay_flawed_box, layout_layer_cave, grunt_gozag_statues,
          lair_entry_dummy, roderic_lattice_a, minmay_misc_feat_diagonals
D:11:     layout_basic, david_orc_3, enter_trove_1, kennysheep_small_spiral,
          serial_library_hellmonk_room_c, nicolae_elemental_shop,
          kennysheep_generic_room_12
D:12:     layout_cave_pods, serial_shops, nicolae_shop_tiny_waterfront,
          uniq_psyche, uniq_azrael, uniq_sonja
D:13:     layout_basic, serial_co_window_serial, co_window_paths_b,
          co_window_paths_a, co_window_corner_a, co_window_paths_a,
          co_window_corner_a, co_window_broadway_a, co_window_corner_ca,
          co_window_broadway_c, co_window_unsneaky_path_d, co_window_2corner,
          co_window_4corner_b, glass_columns_c, glass_columns_b,
          glass_columns_b, glass_columns_a
D:14:     layout_long_grid, grunt_vaults_entry_fortified, serial_shops,
          nicolae_shop_hallway_stairs, nzn_ghost_randoct
D:15:     grunt_enter_depths_hoard, layout_loops_ring,
          minmay_misc_feat_more_columns
Temple:   corrupted_temple
Lair:1:   layout_small_grid, infiniplex_staircase_pool_2
Lair:2:   layout_regular_city, beast_lair_carwin_4
Lair:3:   layout_regular_city, minmay_shoals_entry_beasts,
          guppyfry_snake_entry_island, grunt_megastairs_2
Lair:4:   layout_long_grid, dpeg_slime_entry_enclosed, uniq_nessos
Lair:5:   minmay_lair_end_enchanted_forest, layout_loops_ring, minivault_11
Snake:1:  layout_onion, minmay_snake_pond
Snake:2:  layout_concentric_octagons, nicolae_snake_gridmaze_waves,
          nicolae_snake_biting_tails, nicolae_elevator_lobby_asterisk,
          lemuel_fruit_tree
Snake:3:  layout_basic, gammafunk_ghost_grave, basic_altar
Snake:4:  minmay_snake_end_coiled, layout_cave_town, serial_shops,
          bzr_entry_lakeside, nicolae_snake_snakes_in_the_grass, uniq_donald,
          uniq_vashnia, uniq_aizul
Orc:1:    layout_caves, serial_shops, nicolae_shop_waterfront
Orc:2:    pf_orc_diabolical, layout_caves, serial_shops,
          nicolae_shop_industrial_runoff, uniq_josephine

Skill      XL: |  1  2  3  4  5  6  7  8  9 10 11 12 13 14 15 16 |
---------------+-------------------------------------------------+-----
Dodging        | 2 3 4 5 6 7 9 10 11 12 | 12.8
Stealth        | 2 3 4 5 |  5.0
Spellcasting   | 2 3 5 |  5.0
Ice Magic      | 4 5 6 8 9 11 12 13 14 | 14.0
Fighting       | 1 2 3 4 5 6 8 9 10 11 12 | 12.7
Summonings     | 2 3 4 5 6 7 |  7.5
Maces & Flails | 3 5 6 8 9 10 11 | 11.5
Conjurations   | 1 4 6 7 8 |  8.0
Armour         | 1 2 4 |  4.4
Shields        | 5 |  5.4
Air Magic      | 3 5 6 |  6.0

Action                     |  1- 3 |  4- 6 |  7- 9 | 10-12 | 13-15 | 16-18 || total
---------------------------+-------+-------+-------+-------+-------+-------++-------
  Melee: Dagger            |     7 |     4 |       |       |       |       ||    11
         Falchion          |       |       |    21 |       |       |       ||    21
         Trident           |       |       |     2 |       |       |       ||     2
         Morningstar       |       |       |     7 |   257 |  1145 |   290 ||  1699
         Punch             |       |       |     1 |     6 |     2 |       ||     9
   Fire: Sling             |       |    56 |    33 |       |       |       ||    89
         Shortbow          |       |       |   110 |    87 |       |       ||   197
  Throw: Stone             |     7 |     3 |       |       |       |       ||    10
         Dart              |       |       |       |     3 |    25 |     1 ||    29
   Cast: Freeze            |    54 |    77 |    93 |   104 |     5 |       ||   333
         Frozen Ramparts   |       |     9 |    32 |    75 |   120 |    25 ||   261
         Ozocubu's Armour  |       |     2 |    20 |    51 |    93 |     9 ||   175
         Summon Ice Beast  |       |       |    19 |    22 |    26 |       ||    67
         Hailstorm         |       |       |       |       |     7 |       ||     7
         Freezing Cloud    |       |       |       |       |    19 |    11 ||    30
  Evoke: Wand              |       |       |       |       |     4 |       ||     4
    Use: Scroll            |       |       |     9 |     3 |    14 |     5 ||    31
         Potion            |       |       |       |       |     3 |     1 ||     4
   Stab: Sleeping          |     4 |     1 |     1 |     2 |    11 |     1 ||    20
         Distracted        |       |       |       |     3 |     1 |       ||     4
 Armour: Robe              |    20 |    44 |    70 |   234 |   515 |       ||   883
         Ring mail         |       |       |       |       |    35 |   160 ||   195
  Dodge: Dodged            |    17 |    51 |   109 |   252 |  1014 |   196 ||  1639
  Block: Buckler           |       |       |       |       |   298 |    98 ||   396
         Kite shield       |       |       |       |       |       |    24 ||    24
         Reflection        |       |       |       |       |       |     3 ||     3
